 Dungeon Crawl Stone Soup version 0.31-a0-986-g5e6e4ef867 (webtiles) character file.

Game seed: 16243318075189391370

469 avis the Ducker (level 6, 28/28 HPs)
             Began as a Felid Shapeshifter on Nov 21, 2023.
             Got out of the dungeon alive.
             The game lasted 00:15:30 (4450 turns).

avis the Ducker (Felid Shapeshifter)                Turns: 4450, Time: 00:15:31

Health: 28/28      AC:  2    Str: 16    XL:     6   Next: 82%
Magic:  7/7        EV: 20    Int: 12    God:
Gold:   277        SH:  0    Dex: 17    Spells: 5/5 levels left
                                        Lives:  0   Deaths: 2

rFire   . .          .
                       - Unarmed
rCold   . . .        (shield unavailable)
rNeg    . . .        (body armour unavailable)
rPois   .            (helmet unavailable)
rElec   .            (cloak unavailable)
rCorr   .            (gloves unavailable)
SInv    +            (boots unavailable)
Will    .....        (no amulet)
Stlth   ++           c - +6 ring of strength
HPRegen 0.24/turn    (no ring)
MPRegen 0.10/turn

%: no passive effects
@: beast-form, quick
A: beast (slay +3), very small, claws 1, fangs 3, see invisible, speed 1, shaggy
fur 2, stealthy paws, no weapons or thrown items, no armour, multi-lived
a: Begin Untransformation


You escaped.
You were a hulking beast.
You visited 1 branch of the dungeon, and saw 4 of its levels.

You collected 277 gold pieces.

Inventory:

Jewellery
 c - a +6 ring of strength (left paw)
 j - an amulet of regeneration
 l - a ring of ice
 q - an amulet of faith
Talismans
 b - a beast talisman
 f - a flux talisman
 s - a serpent talisman
Wands
 r - a wand of polymorph (10)
Scrolls
 d - 2 scrolls of poison {unknown}
 e - a scroll of fear {unknown}
 h - 2 scrolls of identify {unknown}
 i - 3 scrolls of vulnerability {unknown}
 k - 2 scrolls of immolation {unknown}
 o - 2 scrolls of teleportation {unknown}
 p - 2 scrolls of enchant armour {unknown}
Potions
 a - a potion of lignification
 g - a potion of cancellation {unknown}
 m - 2 potions of degeneration {unknown}
 n - 3 potions of curing {unknown}
 t - 2 potions of heal wounds {unknown}
 u - a potion of brilliance {unknown}
 v - a potion of attraction {unknown}


   Skills:
 - Level 3.0 Fighting
 - Level 6.0 Dodging
 - Level 3.0 Unarmed Combat
 * Level 6.0 Shapeshifting


You had 5 spell levels left.
You didn't know any spells.
Your spell library contained the following spells:

 Spells                   Type           Power      Damage    Failure   Level
 Ensorcelled Hibernation  Hex/Ice        0%         N/A       45%         2
 Jinxbite                 Hex            0%         N/A       45%         2
 Static Discharge         Conj/Air       0%         3-3/arc   45%         2
 Airstrike                Air            0%         2d(0-16)  97%         4
 Anguish                  Hex/Necr       0%         N/A       97%         4
 Summon Lightning Spire   Summ/Air       0%         N/A       97%         4


Dungeon Overview and Level Annotations

Branches:
Dungeon (4/15)             Temple (0/1) D:4

Altars:
Hepliaklqana
Makhleb


Innate Abilities, Weirdness & Mutations

You are a hulking beast.
Your limbs bulge with bestial killing power. (Slay +3)
You have sharp claws.
You have razor-sharp teeth.
You have supernaturally acute eyesight. (SInv)
You cover ground quickly. (Speed+)
You are covered in thick fur. (AC +2)
Your paws help you pounce on unaware monsters.
You are incapable of wielding weapons or throwing items.
You cannot wear armour.
You gain extra lives every three experience levels.


Message History

There is an open door here.
v - a grey potion You open the door.
A hound comes into view.
There is an open door here.
The hound barks!
The hound barely misses you.
You scratch the hound.
The hound is lightly wounded.
The hound barely misses you.
You scratch the hound but do no damage.
The hound is lightly wounded.
The hound bites you. The hound barely misses you.
You scratch the hound.
The hound is moderately wounded.
The hound closely misses you.
You scratch the hound. Your bite misses the hound.
The hound is severely wounded.
The hound bites you. x2
You claw the hound!
You kill the hound!
Your Shapeshifting skill increases to level 6!
You see here a hound corpse.
There is a stone staircase leading down here.
Done exploring.
Done exploring.
There is a stone staircase leading down here.
What level of the Dungeon? (default 4, ? - help)
There is a stone staircase leading up here.
You climb upwards.
There is a stone staircase leading down here.
There is a stone staircase leading up here.
You climb upwards.
There is a stone staircase leading down here.
There is a stone staircase leading up here.
You climb upwards.
There is a stone staircase leading down here.
You see here a +0 spear.
There is a staircase leading out of the dungeon here.
You have escaped!

#...........
#...........
###......... ######.#..
##################.#..
#⌠........#.........##
#...≈§§§§.#..(........
##......§............##
#>.8..h........).....')
##.....§.............##
#...§≈§≈§.#.........##
#⌠..§§§...#.........##
############.#########
#(...#..... #....#.....
#....#..... #....#.....


There were no monsters in sight!

Vanquished Creatures
  A centaur (D:4)
  A scorpion (D:4)
  2 hounds (D:4)
  A gnoll bouda (D:3)
  Jessica (D:2)
  Robin (D:4)
  9 gnolls
  4 adders
  3 worms
  A dart slug (D:4)
  An orc (D:4)
  4 ball pythons
  4 bats
  5 endoplasms
  2 giant cockroaches
  13 goblins
  11 hobgoblins
  5 jackals
  3 frilled lizards
  6 kobolds
  4 rats
82 creatures vanquished.

Notes
Turn   | Place    | Note
-------+----------+-------------------------------------------
     0 | D:1      | avis the Felid Shapeshifter began the quest for the Orb.
     0 | D:1      | Reached XP level 1. HP: 9/9 MP: 2/2
    11 | D:1      | Reached XP level 2. HP: 8/13 MP: 3/3
   462 | D:1      | Reached XP level 3. HP: 14/16 MP: 4/4
   652 | D:2      | Noticed Jessica
   747 | D:2      | Killed Jessica
   961 | D:2      | Reached XP level 4. HP: 21/21 MP: 5/5
  1845 | D:3      | Found a hazy altar of Hepliaklqana.
  1868 | D:3      | Reached skill level 5 in Dodging
  2074 | D:3      | Reached XP level 5. HP: 24/24 MP: 6/6
  3031 | D:3      | Slain by a gnoll bouda
  3090 | D:3      | Gained mutation: You are covered in thick fur. (AC +2)
                  | [Felid growth]
  3090 | D:3      | Reached XP level 6. HP: 16/28 MP: 7/7
  3268 | D:4      | Noticed Robin
  3291 | D:4      | Killed Robin
  3462 | D:4      | Reached skill level 5 in Shapeshifting
  3519 | D:4      | Found a staircase to the Ecumenical Temple.
  3758 | D:4      | Noticed Edmund
  3759 | D:4      | Edmund changed into Edmund the centaur
  3759 | D:4      | Noticed Edmund
  3766 | D:4      | Slain by Edmund the centaur
  3776 | D:4      | Killed Edmund the centaur
  3862 | D:4      | Found a burning altar of Makhleb.
  4450 | D:$      | Got out of the dungeon alive.

Illustrated notes

Levels and vault maps discovered:
D:1:      dreamdust_arrival_sigmund_warning, layout_basic, minmay_quantized
D:2:      layout_loops_ring, uniq_jessica
D:3:      layout_basic, mainiacjoe_overflow_alcove_4
D:4:      layout_layer_cave, mainiacjoe_overflow_surrounded_room,
          minmay_temple_entry_large_hall, uniq_edmund, uniq_robin

Skill      XL: |  1  2  3  4  5  6 |
---------------+-------------------+-----
Fighting       | 2 3 |  3.0
Dodging        | 4 5 6 |  6.0
Shapeshifting  | 4 6 |  6.0
Unarmed Combat | |  3.0

Action                     |  1- 3 |  4- 6 || total
---------------------------+-------+-------++-------
  Melee: Unarmed           |    79 |   145 ||   224
         Bite              |     5 |    21 ||    26
         Punch             |     1 |     2 ||     3
  Evoke: Wand              |       |     1 ||     1
   Stab: Sleeping          |     3 |     2 ||     5
 Armour: Skin              |    13 |    46 ||    59
  Dodge: Dodged            |    49 |   115 ||   164

Table legend: (Time is in decaauts)
 A = Elapsed time spent in this place.
 B = Non-inter-level travel time spent in this place.
 C = Inter-level travel time spent in this place.
 D = Time resting spent in this place.
 E = Time spent auto-exploring this place.
 F = Levels seen in this place.
 G = Mean time per level.
                   A        B        C        D        E       F      G
               +--------+--------+--------+--------+--------+-----+--------+
         Total |   3730 |   3313 |    417 |    428 |   1968 |   4 |  932.5 |
       Dungeon |   3730 |   3313 |    417 |    428 |   1968 |   4 |  932.5 |
               +--------+--------+--------+--------+--------+-----+--------+

Top non-repeatable levels by time:
     D:4: 1171 daAuts
     D:3: 1111 daAuts
     D:1: 775 daAuts
     D:2: 671 daAuts
